 Dungeon Crawl Stone Soup version 0.20-a0-903-g7e3609c (webtiles) character file.

162491 Rrauwl the Severer (level 17, -1/204 HPs)
             Began as a Barachi Abyssal Knight on Mar 19, 2017.
             Was the Champion of Lugonu.
             Succumbed to an emperor scorpion's poison
             ... on level 4 of the Spider Nest on Mar 20, 2017.
             The game lasted 03:18:42 (31229 turns).

Rrauwl the Severer (Barachi Abyssal Knight)        Turns: 31229, Time: 03:18:42

Health: -1/204     AC: 28    Str: 24    XL:     17   Next: 81%
Magic:  24/24      EV: 22    Int: 20    God:    Lugonu [******]
Gold:   2146       SH:  8    Dex: 13    Spells: 19/26 levels left

rFire    . . .     SeeInvis +   n - +10 war axe of Zin's Benevolence {chop, Int+4}
rCold    + . .     Gourm    .   g - +6 scale mail of Freedom {MR+ rCorr}
rNeg     . . .     Faith    .   j - +1 buckler
rPois    +         Spirit   .   x - +2 helmet {SInv}
rElec    .         Reflect  .   e - +0 cloak
rCorr    +         Harm     .   l - +0 pair of gloves
MR       ++...                  I - +1 pair of boots of Perpetual Drought {rC+ Int+3}
Stlth    ..........             k - amulet of rage
Regen    0.5/turn               b - +5 ring of evasion
MPRegen  0.2/turn               m - +2 ring of protection

@: berserking (expiring), lethally poisoned (-1 -> -48), quick
A: +LOS, swims, molten scales 1, camouflage 1, poison resistance, slowness 1,
strong legs 2
a: Hop, Depart the Abyss, Bend Space, Banish, Corrupt, Enter the Abyss, Brand
Weapon With Distortion, Renounce Religion, Evoke Berserk Rage


You were on level 4 of the Spider Nest.
You worshipped Lugonu.
Lugonu was exalted by your worship.
You were hungry.

You visited 3 branches of the dungeon, and saw 24 of its levels.
You visited the Abyss 1 time.

You collected 2146 gold pieces.

Inventory:

Hand Weapons
 n - the +10 war axe of Zin's Benevolence (weapon) {chop, Int+4}
   (You found it on level 3 of the Abyss)

   It inflicts extra damage upon your enemies.
   It affects your intelligence (+4).
 C - the +10 whip "Dowkav" {slash, rC+ MR+}
   (You found it on level 4 of the Dungeon)

   It inflicts extra damage upon your enemies.
   It protects you from cold.
   It affects your resistance to hostile enchantments.
Armour
 e - a +0 cloak (worn)
 g - the +6 scale mail of Freedom (worn) {MR+ rCorr}
   (You found it on level 12 of the Dungeon)

   It affects your resistance to hostile enchantments.
   It protects you from acid and corrosion.
 j - a +1 buckler (worn)
 l - a +0 pair of gloves (worn)
 x - a +2 helmet of see invisible (worn)
 I - the +1 pair of boots of Perpetual Drought (worn) {rC+ Int+3}
   (You acquired it on level 7 of the Dungeon)

   It affects your intelligence (+3).
   It protects you from cold.
Jewellery
 a - a cursed amulet of guardian spirit
 b - a +5 ring of evasion (right hand)
 i - the amulet of Yrrison {Inacc rPois Str+9 Dex-2}
   (You found it on level 1 of the Spider Nest)

   [amulet of inaccuracy]

   It reduces the accuracy of all your attacks.
   It affects your strength (+9).
   It affects your dexterity (-2).
   It protects you from poison.
 k - an amulet of rage (around neck)
 m - a +2 ring of protection (left hand)
 u - a +3 amulet of reflection
 w - an uncursed ring of resist corrosion
 M - an uncursed ring of flight
 T - an uncursed ring of positive energy
Wands
 c - a wand of scattershot (3/9)
 f - a wand of lightning (7/15)
 v - a wand of lightning (11/15)
 z - a wand of flame (10/48)
 A - a wand of flame (17/48)
 G - a wand of confusion (11/48)
 H - a wand of clouds (5/9)
 J - a wand of iceblast (10/15)
 O - a wand of enslavement (11/24)
 P - a wand of flame (34/48)
 V - a wand of paralysis (16/24)
Scrolls
 d - 8 scrolls of remove curse
 h - 2 scrolls of silence
 o - 7 scrolls of identify
 p - 9 scrolls of teleportation
 s - 3 scrolls of fog
 y - 3 scrolls of blinking
 E - a scroll of holy word
 N - a scroll of amnesia
 S - a scroll of enchant armour
 U - a scroll of magic mapping
 W - 3 scrolls of fear
 X - a scroll of brand weapon
Potions
 q - a potion of curing
 t - 2 potions of heal wounds
 F - a potion of agility
 K - 2 potions of haste
Books
 r - a book of Misfortune

   Spells                             Type                      Level
   a - Confusing Touch                Hexes                        1
   b - Confuse                        Hexes                        3
   c - Gell's Gravitas                Translocation                3
   d - Petrify                        Transmutation/Earth          4
   e - Metabolic Englaciation         Hexes/Ice                    5
   f - Yara's Violent Unravelling     Hexes/Transmutation          5
Miscellaneous
 D - a fan of gales
 L - a phantom mirror
 R - a phial of floods
Comestibles
 Q - 9 royal jellies


   Skills:
 + Level 13.0 Fighting
   Level 2.4 Long Blades
 - Level 18.0(18.3) Axes
 - Level 7.0(13.7) Maces & Flails
 + Level 12.6 Armour
 + Level 12.0 Dodging
 + Level 11.6 Shields
 - Level 5.0 Spellcasting
 + Level 5.0 Charms
 - Level 6.1 Necromancy
 - Level 5.0 Translocations
 - Level 5.1 Air Magic
 - Level 5.0 Invocations
 - Level 9.0 Evocations


You had 19 spell levels left.
You knew the following spells:

 Your Spells              Type           Power        Failure   Level  Hunger
a - Regeneration          Chrm/Necr      ####......   10%         3    ##.....
b - Blink                 Tloc           N/A          6%          2    None
c - Swiftness             Chrm/Air       ####....     6%          2    None


Dungeon Overview and Level Annotations

Branches:
Dungeon (14/15)            Temple (0/1) D:6            Lair (6/6) D:11
 Shoals (0/4) Lair:3       Spider (4/4) Lair:4        Slime (0/5) Lair:5
    Orc (0/2) D:10         Vaults (0/5) D:14

Altars:
Ashenzari
Cheibriados
Kikubaaqudgha
Makhleb
Okawaru
Qazlal
Sif Muna
Trog
Uskayaw
Vehumet
Yredelemnul
Zin
The Shining One
Beogh
Lugonu

Shops:
D:8 (   D:11 (   D:13 [

Annotations:
Lair:2 exclusion: 4 oklob plants


Innate Abilities, Weirdness & Mutations

Shadows flee at your approach. (+LOS)
You can swim through water.
You cover ground slowly.
You can hop longer distances.
You are partially covered in molten scales. (AC +2)
Your skin changes colour to match your surroundings (Stealth+).
Your system is resistant to poisons. (rPois)


Message History

You feel sick.
You block the emperor scorpion's attack.
The emperor scorpion misses you.
The emperor scorpion completely misses you.
You hit the emperor scorpion but do no damage.
The emperor scorpion is moderately wounded.
You closely miss the emperor scorpion.
* * * LOW HITPOINT WARNING * * *
You feel sick. The emperor scorpion stings you!!
* * * LOW HITPOINT WARNING * * *
The emperor scorpion claws you but does no damage.
The emperor scorpion misses you.
You are too berserk!
You are too berserk!
You are too berserk!
You are too berserk!
You hit the emperor scorpion but do no damage.
The emperor scorpion is moderately wounded.
You hit the emperor scorpion.
You die...

..^...........^..................
..............(..†...............
.######.....######...........^...
##..####'''#### ##...^......####
#...#..†......# ##^........#
...##.........## .##.......##
..##...†.......## ..##....^##
.##...#^....#...##..##......#
^#^..###^.^###..@#..##.....##
......#.....#.(†ss%^###....####
....................# #.......##
.^.......^...........##^.......#
#....#.......#....#..##...#.#.##
#...###.....###...#..##..######
##...#^^.^...#...##..###^#
.#.......^.......# .# ###
##...#.......#...# .#


You could see 2 emperor scorpions.

Vanquished Creatures
  Arachne (Spider:2)
  Kirke (D:13)
  3 ghost moths (Spider:4)
  Louise (D:14)
  3 emperor scorpions
  3 entropy weavers
  Nessos (D:13)
  A dire elephant (Lair:5)
  3 spark wasps (Spider:4)
  The ghost of WhatIsLove the Nimble, a journeyman DrMo of Sif Muna (D:13)
  Josephine (Lair:4)
  A fire dragon (D:14)
  Erolcha (D:13)
  7 hydras
  A catoblepas (Lair:6)
  4 vault guards (D:14)
  3 two-headed ogres
  A death knight (D:13)
  11 death yaks
  A deep troll shaman (Lair:6)
  A tengu warrior (D:14)
  The ghost of Rrauwl the Carver, a novice BaFi of Okawaru (D:8)
  4 unseen horrors
  The ghost of mora the Cleaver, a novice MiGl of Uskayaw (D:6)
  28 orb spiders
  33 wolf spiders
  An oklob plant (Lair:5)
  4 cyclopes
  5 ugly things
  33 elephants
  A manticore (D:13)
  3 moths of wrath
  2 black mambas
  3 centaur zombies
  A merfolk siren (Lair:3)
  3 centaur skeletons
  2 torpor snails
  10 spiny frogs
  A rime drake (Lair:6)
  7 komodo dragons
  A komodo dragon (shapeshifter) (D:14)
  A queen bee (D:10)
  A tengu conjurer (D:14)
  23 demonic crawlers
  33 jumping spiders
  9 polar bears
  3 trolls
  10 hornets
  13 dream sheep
  14 slime creatures
  9 blink frogs
  5 hippogriffs
  2 wyverns (D:14)
  2 centaur simulacra (D:13)
  83 redbacks
  2 spriggans
  25 tarantellas
  8 wraiths
  The ghost of Delwin the Covert, an amateur SpEn (D:4)
  2 basilisks
  2 water elementals (D:14)
  65 yaks
  A hungry ghost (D:10)
  A hog (D:13)
  2 humans (D:14)
  Menkaure (D:6)
  Edmund (D:5)
  16 water moccasins
  A soldier ant (D:14)
  9 porcupines
  A meliai simulacrum (D:13)
  2 black bears
  5 orc warriors
  5 sky beasts
  A necrophage (D:8)
  4 ogres
  2 phantoms
  10 ice beasts
  20 wolves
  10 centaurs
  2 eyes of draining
  10 crocodiles
  A wyvern zombie (D:11)
  17 bullfrogs
  Blork the orc (D:5)
  A water moccasin skeleton (D:8)
  6 scorpions
  37 killer bees
  12 wights
  4 electric eels
  6 howler monkeys
  10 crimson imps
  3 bullfrog zombies
  8 hounds
  A quasit (D:9)
  6 jellies
  10 orc priests
  A bullfrog skeleton (D:5)
  An iron imp (D:8)
  2 hell rats (Lair:3)
  5 iguanas
  6 orc wizards
  15 worker ants
  A bullfrog simulacrum (D:13)
  12 adders
  9 river rats (Lair:3)
  4 shadow imps
  7 white imps (D:13)
  An ooze (D:5)
  2 adder zombies
  2 worms
  4 dart slugs
  6 leopard geckos
  38 orcs
  2 ball pythons
  12 bats
  7 giant cockroaches
  5 goblins
  8 hobgoblins
  16 jackals
  7 quokkas
  5 frilled lizards
  A jackal skeleton (D:6)
  11 kobolds
  A leopard gecko zombie (D:6)
  14 rats
  3 bushes
  2 butterflies (Lair:1)
  7 fungi
  10 plants
961 creatures vanquished.

Vanquished Creatures (others)
  A centaur warrior (D:13)
  2 jumping spiders
  A human (D:14)
  An orc priest (D:7)
  A bush (Lair:6)
  33 fungi
  27 plants
66 creatures vanquished.

Grand Total: 1027 creatures vanquished

Notes
Turn   | Place    | Note
-------+----------+-------------------------------------------
     0 | Abyss:1  | Rrauwl the Barachi Abyssal Knight began the quest for the Orb.
     0 | Abyss:1  | Reached XP level 1. HP: 18/18 MP: 2/2
   125 | Abyss:2  | Found a corrupted altar of Lugonu.
   154 | Abyss:3  | Noticed a neqoxec
   157 | Abyss:3  | Gained mutation: Your spells are a little harder to cast, but a little more powerful. [a neqoxec]
   173 | Abyss:3  | Got an encrusted war axe
   174 | D:1      | Escaped the Abyss
   175 | D:1      | Identified the +10 war axe of Zin's Benevolence {chop, Int+4} (You found it on level 3 of the Abyss)
   380 | D:1      | Reached skill level 1 in Axes
   384 | D:1      | Reached XP level 2. HP: 25/25 MP: 3/3
   480 | D:1      | Reached * piety under Lugonu
   525 | D:1      | Reached skill level 1 in Shields
   646 | D:1      | Reached XP level 3. HP: 25/30 MP: 4/4
  1152 | D:2      | Reached XP level 4. HP: 24/37 MP: 5/5
  1549 | D:2      | Reached ** piety under Lugonu
  1768 | D:3      | Reached skill level 1 in Evocations
  2027 | D:3      | Reached XP level 5. HP: 40/42 MP: 6/6
  2481 | D:4      | Reached skill level 2 in Axes
  2625 | D:4      | Reached XP level 6. HP: 48/48 MP: 7/7
  2693 | D:4      | Learned a level 3 spell: Regeneration
  2752 | D:4      | Noticed Delwin's ghost (amateur SpEn)
  2767 | D:4      | Killed Delwin's ghost
  2767 | D:4      | Reached *** piety under Lugonu
  2767 | D:4      | Reached skill level 3 in Axes
  2777 | D:4      | Got a scorched whip
  2778 | D:4      | Identified the +10 whip "Dowkav" {slash, rC+ MR+} (You found it on level 4 of the Dungeon)
  2885 | D:4      | Noticed a phantom
  2895 | D:4      | Killed a phantom
  2895 | D:4      | Reached XP level 7. HP: 53/54 MP: 7/9
  3081 | D:4      | Found an ancient bone altar of Kikubaaqudgha.
  3133 | D:4      | Found a deep blue altar of Sif Muna.
  3137 | D:4      | Found a radiant altar of Vehumet.
  3139 | D:4      | Identified Kikubaaqudgha's Incunabulum of Black Arts
  3204 | D:4      | Reached skill level 1 in Maces & Flails
  3325 | D:5      | Entered Level 5 of the Dungeon
  3355 | D:5      | Learned a level 2 spell: Blink
  3358 | D:5      | Found a shattered altar of Ashenzari.
  3358 | D:5      | Found a bloodstained altar of Trog.
  3363 | D:5      | Found a faded altar of an unknown god.
  3365 | D:5      | Found a stormy altar of Qazlal.
  3367 | D:5      | Found a burning altar of Makhleb.
  3508 | D:5      | Reached skill level 4 in Axes
  3623 | D:5      | Found an iron altar of Okawaru.
  3634 | D:5      | Noticed Edmund
  3636 | D:5      | Noticed Blork the orc
  3646 | D:5      | Killed Edmund
  3646 | D:5      | Reached XP level 8. HP: 60/60 MP: 10/10
  3648 | D:5      | Killed Blork the orc
  3969 | D:5      | Reached skill level 5 in Axes
  4319 | D:6      | Noticed Menkaure
  4330 | D:6      | Killed Menkaure
  4330 | D:6      | Reached skill level 6 in Axes
  4616 | D:6      | Found a staircase to the Ecumenical Temple.
  4679 | D:6      | Reached skill level 7 in Axes
  4789 | D:6      | Noticed mora's ghost (novice MiGl)
  4802 | D:6      | Killed mora's ghost
  4802 | D:6      | Reached skill level 9 in Axes
  4802 | D:6      | Reached XP level 9. HP: 60/65 MP: 12/12
  4912 | D:6      | Reached skill level 10 in Axes
  5346 | D:7      | Reached **** piety under Lugonu
  5675 | D:7      | Reached skill level 11 in Axes
  5709 | D:7      | Identified a scroll of acquirement
  5710 | D:7      | Got a pair of ancient boots
  5716 | D:7      | Identified the +1 pair of boots of Perpetual Drought {rC+ Int+3} (You acquired it on level 7 of the Dungeon)
  5921 | D:7      | Found a roughly hewn altar of Beogh.
  6335 | D:8      | Reached XP level 10. HP: 71/71 MP: 13/13
  6545 | D:8      | Found a glowing golden altar of the Shining One.
  6546 | D:8      | Noticed an angel
  6574 | D:8      | Found a basalt altar of Yredelemnul.
  6575 | D:8      | Noticed a profane servitor
  6580 | D:8      | Reached skill level 12 in Axes
  6641 | D:8      | Found a snail-covered altar of Cheibriados.
  6719 | D:8      | Gained mutation: You do not regenerate when monsters are visible. [mutagenic meat]
  6720 | D:8      | Gained mutation: You can translocate small distances at will. [mutagenic meat]
  6721 | D:8      | Gained mutation: You are resistant to hostile enchantments. (MR+) [mutagenic meat]
  6723 | D:8      | Gained mutation: Your skin changes colour to match your surroundings (Stealth+). [mutagenic meat]
  6821 | D:8      | Noticed Rrauwl's ghost (novice BaFi)
  6837 | D:8      | Killed Rrauwl's ghost
  6837 | D:8      | Reached skill level 13 in Axes
  7190 | D:8      | Found a hide-covered altar of Uskayaw.
  7220 | D:8      | Noticed a two-headed ogre
  7231 | D:8      | Killed a two-headed ogre
  7237 | D:8      | Found Pahuixa's Antique Weapon Shop.
  7374 | D:8      | Found a glowing silver altar of Zin.
  7374 | D:8      | Noticed an angel
  7585 | D:9      | Reached skill level 14 in Axes
  8257 | D:9      | Learned a level 2 spell: Swiftness
  8294 | D:10     | Entered Level 10 of the Dungeon
  8436 | D:10     | Reached XP level 11. HP: 65/77 MP: 14/14
  8449 | D:10     | Reached skill level 15 in Axes
  8463 | D:10     | Reached ***** piety under Lugonu
  8749 | D:10     | Noticed an unseen horror
  8757 | D:10     | Killed an unseen horror
  9012 | D:10     | Found a staircase to the Orcish Mines.
  9266 | D:11     | Reached skill level 5 in Evocations
  9309 | D:11     | Found a staircase to the Lair.
  9469 | D:11     | Noticed a two-headed ogre
  9482 | D:11     | Killed a two-headed ogre
  9598 | D:11     | Noticed an unseen horror
  9604 | D:11     | Killed an unseen horror
  9604 | D:11     | Reached skill level 16 in Axes
  9760 | D:11     | Noticed a cyan ugly thing
  9767 | D:11     | Killed a cyan ugly thing
 10225 | D:11     | Found Lenwa Doile's Weapon Emporium.
 10394 | D:11     | Reached skill level 5 in Dodging
 10702 | D:11     | Reached skill level 5 in Fighting
 10702 | D:11     | Reached XP level 12. HP: 76/86 MP: 16/16
 10740 | D:11     | Noticed a two-headed ogre
 10748 | D:11     | Killed a two-headed ogre
 10748 | D:11     | Reached skill level 5 in Armour
 10824 | Lair:1   | Entered Level 1 of the Lair of Beasts
 10858 | Lair:1   | Reached skill level 5 in Shields
 13581 | Lair:3   | Upgraded the game from 0.20-a0-901-g27f6fa8 to 0.20-a0-903-g7e3609c
 13701 | Lair:3   | Noticed a seven-headed hydra
 13712 | Lair:3   | Killed a seven-headed hydra
 13837 | Lair:3   | Found a staircase to the Shoals.
 14022 | Lair:3   | Reached ****** piety under Lugonu
 14510 | Lair:3   | Gained mutation: You can hop longer distances. [Barachi growth]
 14510 | Lair:3   | Reached XP level 13. HP: 79/96 MP: 18/18
 14799 | Lair:4   | Lost mutation: You are resistant to hostile enchantments. (MR+) [potion of mutation]
 14799 | Lair:4   | Lost mutation: You can translocate small distances at will. [potion of mutation]
 14799 | Lair:4   | Lost mutation: Your spells are a little harder to cast, but a little more powerful. [potion of mutation]
 14799 | Lair:4   | Lost mutation: You do not regenerate when monsters are visible. [potion of mutation]
 14799 | Lair:4   | Gained mutation: You are dopey. (Int -2) [potion of mutation]
 14799 | Lair:4   | Gained mutation: You have an increased reservoir of magic. (+10% MP) [potion of mutation]
 15188 | Lair:4   | Found a hole to the Spider Nest.
 15280 | Lair:4   | Noticed Josephine
 15310 | Lair:4   | Killed Josephine
 15995 | Lair:5   | Reached skill level 17 in Axes
 16168 | Lair:5   | Noticed a dire elephant
 16189 | Lair:5   | Killed a dire elephant
 16348 | Lair:5   | Found a staircase to the Slime Pits.
 16436 | Lair:5   | Reached XP level 14. HP: 98/106 MP: 22/22
 17219 | Lair:6   | Entered Level 6 of the Lair of Beasts
 17995 | Lair:6   | Reached skill level 5 in Maces & Flails
 19082 | Lair:6   | Reached skill level 10 in Fighting
 19327 | Lair:6   | Reached skill level 10 in Armour
 20247 | D:12     | Reached XP level 15. HP: 113/116 MP: 23/23
 20341 | D:12     | Lost mutation: You have an increased reservoir of magic. (+10% MP) [potion of mutation]
 20341 | D:12     | Lost mutation: You are dopey. (Int -2) [potion of mutation]
 20341 | D:12     | Gained mutation: You are partially covered in molten scales. (AC +2) [potion of mutation]
 20341 | D:12     | Gained mutation: Your system is resistant to poisons. (rPois) [potion of mutation]
 20391 | D:12     | Found a corrupted altar of Lugonu.
 21037 | D:12     | Got a dazzling scale mail
 21048 | D:12     | Identified the +6 scale mail of Freedom {MR+ rCorr} (You found it on level 12 of the Dungeon)
 21102 | D:13     | Found Zeckod's Armour Shop.
 21104 | D:13     | Noticed Nessos
 21115 | D:13     | Killed Nessos
 21353 | D:13     | Reached skill level 1 in Spellcasting
 21358 | D:13     | Noticed WhatIsLove's ghost (journeyman DrMo)
 21364 | D:13     | Reached skill level 1 in Translocations
 21390 | D:13     | Killed WhatIsLove's ghost
 21398 | D:13     | Reached skill level 1 in Necromancy
 21398 | D:13     | Reached skill level 1 in Air Magic
 21658 | D:13     | Got an ichor-stained mace
 21659 | D:13     | Identified the +4 mace of Seowuvou {vamp, Str+4} (You found it on level 13 of the Dungeon)
 21788 | D:13     | Reached skill level 1 in Charms
 21791 | D:13     | Noticed Kirke
 22293 | D:13     | Noticed Erolcha
 22299 | D:13     | Killed Erolcha
 22405 | D:14     | Found a gate to the Vaults.
 22433 | D:14     | Reached skill level 10 in Dodging
 23057 | D:14     | Noticed Louise
 23077 | D:14     | Killed Louise
 23422 | D:14     | Reached skill level 10 in Shields
 23745 | D:14     | Got a fine ring mail
 23756 | D:14     | Identified the +0 ring mail "Giuwapum" {MR- SInv Stlth+} (You found it on level 14 of the Dungeon)
 23925 | D:13     | Killed Kirke
 23925 | D:13     | Reached XP level 16. HP: 125/125 MP: 22/22
 24138 | Spider:1 | Entered Level 1 of the Spider Nest
 24779 | Spider:1 | Got a glittering ruby amulet
 24780 | Spider:1 | Identified the amulet of Yrrison {Inacc rPois Str+9 Dex-2} (You found it on level 1 of the Spider Nest)
 25249 | Spider:1 | Reached skill level 18 in Axes
 26175 | Spider:1 | You fall through a shaft!
 26692 | Spider:2 | Noticed Arachne
 26799 | Spider:2 | Reached skill level 5 in Translocations
 27021 | Spider:2 | Killed Arachne
 27907 | Spider:3 | Reached skill level 5 in Spellcasting
 27907 | Spider:3 | Reached XP level 17. HP: 77/133 MP: 24/24
 27915 | Spider:3 | Reached skill level 5 in Charms
 28637 | Spider:3 | Reached skill level 5 in Air Magic
 29216 | Spider:4 | Entered Level 4 of the Spider Nest
 29511 | Spider:4 | Reached skill level 5 in Invocations
 29529 | Spider:4 | Reached skill level 5 in Necromancy
 31228 | Spider:4 | HP: 1/204 [emperor scorpion (33)]
 31229 | Spider:4 | Succumbed to an emperor scorpion's poison

Vault maps used:
D:1:      minmay_arrival_widening_spiral_wide
D:3:      kennysheep_minor_cross, st_stairs_9, minmay_randomly_rotated_circles
D:4:      grunt_temple_overflow_magic_moments
D:5:      kennysheep_mini, chequers_temple_overflow_minitemple, first_bread,
          uniq_blork_the_orc, uniq_edmund
D:6:      minmay_temple_entry_statues_fountains, kennysheep_pointless_box,
          kennysheep_generic_room_12, uniq_menkaure
D:7:      the_bakery, david_defended_altar_orc
D:8:      grunt_temple_overflow_holy_war, eat_drink_and_be_merry_uskayaw,
          zin_angel, slow_altar_2, serial_shops, nicolae_shop_statue_plus,
          minmay_item_behind_shaft
D:10:     grunt_decor_arrowhead
D:11:     dpeg_oklobed_lair, serial_shops, shop
D:12:     tgw_lugonu_bribe
D:13:     serial_shops, shop, serial_ice, serial_ice_l, serial_ice_n,
          serial_ice_c, serial_ice_g, serial_ice_e, serial_ice_o, serial_ice_b,
          serial_ice_d, serial_ice_h, serial_ice_f, uniq_nessos, uniq_erolcha,
          uniq_kirke
D:14:     slaughterhouse, lightli_vaults_fourway_checkpoint,
          hangedman_decor_lopped, serial_bayou, serial_bayou_pond_d,
          serial_bayou_shore_b, serial_bayou_lagoon_a, serial_bayou_pond_c,
          kb_tengu_band, uniq_louise
Lair:1:   lemuel_fruit_fields, lemuel_fruit_tree
Lair:2:   cheibrodos_lair_lostbears, serial_bayou_shore_b, serial_bayou_shore_a,
          serial_bayou_shore_b, minmay_lair_oklob_chamber
Lair:3:   minmay_shoals_entry_lonely_mermaid, lab_entry_generic,
          kennysheep_rathole, lemuel_fruit_fields, infiniplex_staircase_pool,
          lemuel_fruit_fields
Lair:4:   spider_nest_entry_rubble, infiniplex_staircase_pool_2, uniq_josephine
Lair:5:   mu_elephants_graveyard, dpeg_slime_entry_corner,
          minmay_lair_oklob_bushes, serial_bayou_pond_b
Lair:6:   grunt_lair_end_beastmaster
Spider:1: hangedman_spider_trapstep
Spider:2: uniq_arachne
Spider:4: johnstein_spider_rune_arachne_lair
Abyss:3:  guppyfry_abyss_exit_imp_island

Skill      XL: |  1  2  3  4  5  6  7  8  9 10 11 12 13 14 15 16 17 |
---------------+----------------------------------------------------+-----
Axes           | 1 2 3 4 9 11 14 16 17 18 | 18.0
Shields        | 1 2 3 4 6 8 9 10 11 | 11.6
Invocations    | 2 3 4 5 |  5.0
Fighting       | 4 5 7 8 10 11 12 13 | 13.0
Dodging        | 2 3 4 5 6 8 9 10 11 12 | 12.0
Evocations     | 1 2 3 4 6 7 9 |  9.0
Armour         | 3 4 6 8 10 11 12 | 12.6
Maces & Flails | 2 3 4 6 7 |  7.0
Spellcasting   | 3 5 |  5.0
Translocations | 3 5 |  5.0
Necromancy     | 2 4 6 |  6.1
Air Magic      | 3 4 5 |  5.1
Charms         | 3 4 5 |  5.0
Long Blades    | |  2.4

Action                   |  1- 3 |  4- 6 |  7- 9 | 10-12 | 13-15 | 16-18 || total
-------------------------+-------+-------+-------+-------+-------+-------++-------
Melee: War axe           |    73 |   120 |   183 |   621 |  1176 |   811 ||  2984
       Whip              |       |       |       |     9 |    89 |       ||    98
 Cast: Blink             |       |       |       |       |       |     5 ||     5
Invok: Depart the Abyss  |     1 |       |       |       |       |       ||     1
 Abil: Evoke Berserk Rag |       |       |     1 |     4 |     5 |    10 ||    20
       Hop               |       |       |       |       |     5 |    19 ||    24
Evoke: Wand              |       |       |     2 |     1 |    17 |    11 ||    31
       Box of beasts     |       |       |       |       |       |     2 ||     2
  Use: Scroll            |    11 |     2 |     7 |     7 |     5 |    10 ||    42
       Potion            |     3 |     2 |     6 |     3 |     8 |    13 ||    35
 Stab: Sleeping          |     2 |       |       |       |       |       ||     2
       Invisible         |       |       |     1 |       |       |       ||     1
       Petrified         |       |       |       |       |     8 |       ||     8
       Petrifying        |       |       |       |       |     1 |       ||     1
       Held in net/web   |       |       |       |       |       |     1 ||     1
  Eat: Chunk             |     1 |     7 |     6 |    20 |    21 |    13 ||    68
       Fruit             |       |       |     3 |    14 |     9 |       ||    26
       Royal jelly       |       |       |     3 |     3 |     2 |     4 ||    12
       Bread ration      |       |       |       |       |     1 |     2 ||     3
       Meat ration       |       |       |       |       |       |     1 ||     1
Armor: Leather armour    |     2 |       |       |       |       |       ||     2
       Chain mail        |    30 |    42 |    56 |   154 |   267 |       ||   549
       Scale mail        |       |       |       |       |    95 |   362 ||   457
Dodge: Dodged            |    40 |    59 |    57 |   226 |   530 |   727 ||  1639
Block: Buckler           |     8 |    21 |    44 |   132 |   262 |   309 ||   776
